 Dungeon Crawl Stone Soup version 0.28.0-43-g3370ac3207 (webtiles) character file.

Game seed: 1272966217260227447

3285 Zeld the Thaumaturge (level 9, -3/43 (45) HPs)
             Began as a Deep Elf Fire Elementalist on Mar 15, 2022.
             Slain by a wight
             ... wielding a +0 battleaxe
              (14 damage)
             ... on level 7 of the Dungeon.
             The game lasted 00:08:35 (10346 turns).

Zeld the Thaumaturge (Deep Elf Fire Elementalist)  Turns: 10346, Time: 00:08:36

HP:   -3/43 (45)    AC:  4    Str:  8    XL:     9   Next: 69%
MP:   23/25         EV: 13    Int: 25    God:
Gold: 144           SH:  5    Dex: 15    Spells: 22/29 levels left

rFire   x . .      SeeInvis .   a - +3 falchion (freeze)
rCold   . . .      Faith    .   (no shield)
rNeg    + + .      Spirit   .   z - +0 robe
rPois   .          Reflect  +   (no helmet)
rElec   .          Harm     .   p - +0 cloak
rCorr   .          Rampage  .   v - +0 pair of gloves
Will    .....                   (no boots)
Stlth   +++.......              m - amulet of reflection
HPRegen 0.14/turn               r - ring of Equivalence {Wiz *Slow rF- rN++ Str+3}
MPRegen 0.19/turn               (no ring)

@: lightly drained
A: no striking features
a: no special abilities


You were on level 7 of the Dungeon.
You visited 2 branches of the dungeon, and saw 8 of its levels.

You collected 2116 gold pieces.
You spent 1972 gold pieces at shops.

Inventory:

Hand Weapons
 a - a +3 falchion of freezing (weapon)
Armour
 p - a +0 cloak (worn)
 v - a +0 pair of gloves (worn)
 z - a +0 robe (worn)
Jewellery
 m - an amulet of reflection (around neck)
 r - the ring of Equivalence (left hand) {Wiz *Slow rF- rN++ Str+3}
   (You found it on level 7 of the Dungeon)

   [ring of wizardry]

   It improves your spell success rate.
   Str:       It affects your strength (+3).
   rF:        It makes you vulnerable to fire.
   rN:        It greatly protects you from negative energy.
   *Slow:     It may slow you when you take damage.
Wands
 n - a wand of iceblast (19)
 o - a wand of polymorph (7)
Scrolls
 d - 2 scrolls of amnesia
 g - 5 scrolls of identify
 i - 8 scrolls of teleportation
 q - 3 scrolls of enchant armour
 w - 3 scrolls of fear
 x - a scroll of blinking
 y - a scroll of magic mapping
Potions
 b - 4 potions of lignification {unknown}
 c - 2 potions of haste
 e - a potion of degeneration {unknown}
 f - 3 potions of heal wounds {unknown}
 h - 3 potions of curing
 j - 4 potions of resistance
 k - 2 potions of brilliance {unknown}
 l - 2 potions of cancellation {unknown}
 s - a potion of magic
 t - a potion of invisibility
 u - a potion of might


   Skills:
 + Level 0.6 Long Blades
 - Level 4.0 Dodging
 - Level 6.0 Stealth
 * Level 10.9 Spellcasting
 + Level 6.2 Conjurations
 * Level 9.5 Fire Magic


You had 22 spell levels left.
You knew the following spells:

 Your Spells              Type           Power      Damage    Failure   Level
a - Foxfire               Conj/Fire      100%       2x1d9     1%          1
b - Scorch                Fire           100%       2d10      1%          2
c - Flame Wave            Conj/Fire      52%        2d11      1%          4

Your spell library contained the following spells:

 Spells                   Type           Power      Damage    Failure   Level
 Animate Skeleton         Necr           26%        N/A       1%          1
 Magic Dart               Conj           100%       1d8       1%          1
 Pain                     Necr           52%        1d6       1%          1
 Conjure Flame            Conj/Fire      52%        6-21      1%          3
 Inner Flame              Hex/Fire       37%        N/A       1%          3
 Call Imp                 Summ           13%        N/A       2%          2
 Mephitic Cloud           Conj/Pois/Air  24%        N/A       2%          3
 Ozocubu's Armour         Ice            13%        N/A       6%          3
 Vampiric Draining        Necr           13%        2d6       6%          3
 Summon Forest            Summ/Tloc      6%         N/A       43%         5
 Eringya's Noxious Bog    Tmut/Pois      6%         N/A       93%         6
 Ozocubu's Refrigeration  Ice            6%         4d6       100%        7
 Summon Hydra             Summ           6%         N/A       100%        7


Dungeon Overview and Level Annotations

Branches:
Dungeon (7/15)             Temple (1/1) D:5

Altars:
Cheibriados
Dithmenos
Elyvilon
Fedhas
Gozag
Hepliaklqana
Nemelex Xobeh
Okawaru
Qazlal
Sif Muna
Trog
Uskayaw
Wu Jian
Yredelemnul
Zin

Shops:
D:3 !([(?   D:4 ?

Annotations:
D:3 1 runed translucent door, reversiblehash's ghost, amateur MiFi
D:7 Maggie


Message History

You climb downwards.
Level annotation: Maggie
Found two stone staircases leading down.
There is a stone staircase leading up here.
Found a glowing rapier.
You see here a +1 rapier of venom.
g - 5 scrolls of identify (gained 3) Key pressed, stopping explore.
A wight comes into view.
It is wielding a +0 flail. 2 wights come into view.
A wight is wielding a +2 flail of freezing.
Casting: Scorch (safe; 1% risk of failure)
Confirm with . or Enter, or press ? or * to list all spells.
You can't see any susceptible monsters within range! (Use Z to cast anyway.)
Found a stone staircase leading down.
Casting: Scorch (safe; 1% risk of failure)
Confirm with . or Enter, or press ? or * to list all spells.
Casting: Flame Wave (dangerous; 1% risk of failure)
Press: ? - help, Dir - look around, f - activate
Okay, then.
Casting: Flame Wave (dangerous; 1% risk of failure)
Confirm with . or Enter, or press ? or * to list all spells.
Flames lash the wight.
The wight is heavily damaged.
The wight's fire resistance burns away.
The wight hits you with a +0 battleaxe!
Unknown command.
Casting: Scorch (safe; 1% risk of failure)
Confirm with . or Enter, or press ? or * to list all spells.
Flames lash the wight.
The wight is heavily damaged.
The wight's fire resistance burns away.
The wight hits you with a +0 battleaxe! You partially resist.
You feel drained.
Unknown command.
Found a murky emerald potion.
The wight is no longer more vulnerable to fire. x2
There is a stone staircase leading up here.
The wight hits you with a +0 flail.
* * * LOW HITPOINT WARNING * * *
You partially resist.
You feel drained. The wight hits you with a +0 battleaxe!
You die...

...[[..###..# #.#
#.....## #..##### #.#
.......# #......# #.#
.......# #.####.# #.#
.......###.# #.# #.#
#.......z#.####.###)#
##...###..........#.#
########..########.####
#........z.z@......#
#..........z.......#
#..................#
....................#
....................#
##.>................#
#...!..............#
#...............>.>#


You could see 3 wights.

Vanquished Creatures
  A kobold demonologist (D:6)
  Sigmund (D:5)
  A steam dragon (D:6)
  Menkaure (D:4)
  3 water moccasins
  A black bear (D:6)
  2 hornet zombies
  3 necrophages
  4 ogres
  A centaur (D:7)
  A phantom (D:5)
  2 bullfrogs (D:6)
  A scorpion (D:6)
  A water moccasin zombie (D:5)
  2 water moccasin skeletons
  5 wights
  A centaur zombie (D:6)
  2 bullfrog zombies (D:6)
  5 hounds
  Crazy Yiuf (D:4)
  An orc priest (D:6)
  A bullfrog skeleton (D:6)
  An orc wizard (D:6)
  A hound zombie (D:5)
  2 hound skeletons (D:4)
  A gnoll (D:1)
  2 howler monkey zombies
  15 adders
  3 dart slugs
  10 orcs
  9 ball pythons
  13 endoplasms
  2 giant cockroaches
  8 hobgoblins
  4 jackals (D:3)
  A quokka (D:1)
  3 bats
  3 frilled lizards
  2 goblins
  7 kobolds
  6 rats
134 creatures vanquished.

Vanquished Creatures (collateral kills)
  An ogre (D:6)
1 creature vanquished.

Vanquished Creatures (others)
  308 foxfires
308 creatures vanquished.

Grand Total: 443 creatures vanquished

Notes
Turn   | Place    | Note
-------+----------+-------------------------------------------
     0 | D:1      | Zeld the Deep Elf Fire Elementalist began the quest for the
                  | Orb.
     0 | D:1      | Reached XP level 1. HP: 10/10 MP: 6/6
   559 | D:1      | Reached XP level 2. HP: 15/15 MP: 4/8
  1185 | D:2      | Reached XP level 3. HP: 19/19 MP: 6/10
  1239 | D:2      | Learned a level 2 spell: Scorch
  1767 | D:2      | Reached skill level 4 in Spellcasting
  1948 | D:3      | Found Hiof's Weapon Shoppe.
  1983 | D:3      | Found a runed translucent door.
  2018 | D:3      | Noticed reversiblehash's ghost (amateur MiFi)
  2178 | D:3      | Reached XP level 4. HP: 24/24 MP: 8/12
  2218 | D:3      | Learned a level 4 spell: Flame Wave
  2441 | D:3      | Found Assaify's Distillery.
  2478 | D:3      | Bought 2 potions of curing for 72 gold pieces
  2869 | D:3      | Found a white marble altar of Elyvilon.
  2916 | D:3      | Found Komojo's Antique Weapon Shop.
  2982 | D:3      | Found Zyefob's Antique Armour Boutique.
  3014 | D:3      | Found Deinuis's Magic Scroll Shoppe.
  3019 | D:3      | Bought a scroll of identify for 28 gold pieces
  3019 | D:3      | Bought a scroll of teleportation for 42 gold pieces
  3074 | D:3      | Found a faded altar of an unknown god.
  3566 | D:4      | Reached XP level 5. HP: 28/28 MP: 10/13
  3705 | D:4      | Found Ucwees's Magic Scroll Emporium.
  3718 | D:4      | Bought a scroll of identify for 26 gold pieces
  4050 | D:4      | Reached skill level 5 in Spellcasting
  4269 | D:4      | Noticed an ogre
  4280 | D:4      | Killed an ogre
  4281 | D:4      | Reached skill level 5 in Fire Magic
  4281 | D:4      | Reached XP level 6. HP: 32/32 MP: 9/16
  4352 | D:4      | You fall into a shaft and drop 1 floor!
  4352 | D:5      | Entered Level 5 of the Dungeon
  4357 | D:5      | Identified a scroll of acquirement
  4359 | D:5      | Acquired 1090 gold pieces
  4381 | D:5      | Noticed Sigmund
  4388 | D:5      | Killed Sigmund
  4401 | D:5      | Found a staircase to the Ecumenical Temple.
  4408 | Temple   | Entered the Ecumenical Temple
  4570 | D:5      | Reached skill level 6 in Spellcasting
  4570 | D:5      | Reached XP level 7. HP: 24/36 MP: 2/18
  5093 | D:5      | Reached skill level 5 in Stealth
  5093 | D:5      | Reached skill level 7 in Spellcasting
  5433 | D:5      | Reached XP level 8. HP: 41/41 MP: 16/21
  5608 | D:5      | Found an opulent altar of Gozag.
  6140 | D:4      | Found a runed translucent door.
  6141 | D:4      | Noticed Crazy Yiuf
  6368 | D:4      | Noticed Menkaure
  6371 | D:4      | Killed Menkaure
  6714 | D:4      | Killed Crazy Yiuf
  6978 | D:4      | Bought a scroll of enchant armour for 97 gold pieces
  6978 | D:4      | Bought a scroll of acquirement for 676 gold pieces
  6978 | D:4      | Bought a scroll of teleportation for 39 gold pieces
  6978 | D:4      | Bought a scroll of teleportation for 39 gold pieces
  6978 | D:4      | Bought a scroll of teleportation for 39 gold pieces
  6979 | D:4      | Acquired 532 gold pieces
  7020 | D:3      | Bought a scroll of teleportation for 42 gold pieces
  7020 | D:3      | Bought a scroll of enchant armour for 105 gold pieces
  7020 | D:3      | Bought a scroll of summoning for 133 gold pieces
  7059 | D:3      | Bought a potion of resistance for 120 gold pieces
  7059 | D:3      | Bought a potion of magic for 96 gold pieces
  7059 | D:3      | Bought a potion of invisibility for 96 gold pieces
  7059 | D:3      | Bought a potion of might for 48 gold pieces
  7092 | D:3      | Bought a pair of gloves for 121 gold pieces
  7357 | D:6      | Reached skill level 8 in Spellcasting
  7942 | D:6      | Reached skill level 9 in Spellcasting
  7990 | D:6      | Reached skill level 5 in Conjurations
  7994 | D:6      | Noticed a kobold demonologist
  7998 | D:6      | Killed a kobold demonologist
  7999 | D:6      | Reached XP level 9. HP: 18/45 MP: 1/24
  8421 | D:3      | Bought a twisted robe for 153 gold pieces
  8421 | D:3      | Identified the +2 robe of Restlessness {rPois Str-5 Dex-5
                  | SInv} (You bought it in a shop on level 3 of the Dungeon)
  8830 | D:6      | Found a shadowy altar of Dithmenos.
  8975 | D:6      | Reached skill level 10 in Spellcasting
  9705 | D:7      | Identified the ring of Equivalence {Wiz *Slow rF- rN++
                  | Str+3}
 10105 | D:7      | Noticed Maggie
 10346 | D:7      | Slain by a wight

Illustrated notes

Levels and vault maps discovered:
D:1:      erik_arrival_blinker_ship, layout_basic,
          nicolae_concentric_dashed_squares_mild
D:2:      layout_basic, hangedman_feature_mirror
D:3:      layout_basic, elyvilon_altar_1,
          hellmonk_ecumenical_altar_pennies_from_heaven, serial_shops,
          nicolae_shop_bloodbath_and_beyond, shop, nicolae_square_shop,
          nicolae_shop_behind_doors, nicolae_shop_crystal,
          ebering_ghost_sewer_d, minmay_quantized
D:4:      layout_loops_corners, serial_shops, nicolae_shop_hallway_plus,
          ebering_dispersal_statue_hall, amcnicky_mini_corridor_feature,
          nrook_uturn, uniq_menkaure, uniq_crazy_yiuf_cottage
D:5:      layout_basic, kennysheep_mini, minmay_temple_entry_ruins,
          portal_sewer_entry_d, uniq_sigmund
D:6:      layout_loops_corners, grunt_dithmenos_smoke, mrwooster_statue_mirror,
          minmay_alternating_orb
D:7:      layout_rooms, uniq_maggie
Temple:   minmay_temple_bridge_abc

Skill      XL: |  1  2  3  4  5  6  7  8  9 |
---------------+----------------------------+-----
Stealth        | 3 4 5 6 |  6.0
Spellcasting   | 4 5 6 7 9 10 | 10.9
Fire Magic     | 4 5 6 8 9 |  9.5
Dodging        | 3 4 |  4.0
Conjurations   | 2 3 4 5 6 |  6.2
Long Blades    | |  0.6

Action                   |  1- 3 |  4- 6 |  7- 9 || total
-------------------------+-------+-------+-------++-------
Melee: Unarmed           |       |     1 |    14 ||    15
 Cast: Foxfire           |    93 |    86 |    16 ||   195
       Scorch            |       |    18 |   125 ||   143
       Flame Wave        |       |       |     2 ||     2
  Use: Scroll            |       |     4 |     9 ||    13
Armor: Robe              |     5 |     2 |    16 ||    23
Dodge: Dodged            |     7 |    17 |    75 ||    99
